 Dungeon Crawl Stone Soup version 0.27.1 (webtiles) character file.

Game seed: 5480340137794709199

59 Kold the Shield-Bearer (level 4, -5/35 HPs)
             Began as a Formicid Fighter on Sept 3, 2021.
             Slain by Sigmund (15 damage)
             ... on level 2 of the Dungeon.
             The game lasted 00:02:03 (1511 turns).

Kold the Shield-Bearer (Formicid Fighter)           Turns: 1511, Time: 00:02:04

Health: -5/35      AC:  6    Str: 22    XL:     4   Next: 22%
Magic:  4/4        EV:  8    Int:  7    God:
Gold:   122        SH:  9    Dex: 10    Spells: 3/3 levels left

rFire    . . .     SeeInvis +   a - +1 long sword
rCold    . . .     Faith    .   c - +0 kite shield
rNeg     . . .     Spirit   .   b - +0 scale mail
rPois    .         Reflect  .   (helmet unavailable)
rElec    .         Harm     .   (no cloak)
rCorr    .         Rampage  .   (no gloves)
Will     .....                  (no boots)
Stlth    ..........             (no amulet)
HPRegen  0.11/turn              (no ring)
MPRegen  0.09/turn              (no ring)

@: flying
A: permanent stasis, dig shafts and tunnels, antennae 3, four strong arms
a: Dig, Shaft Self


You were on level 2 of the Dungeon.
You visited 1 branch of the dungeon, and saw 2 of its levels.

You collected 122 gold pieces.

Inventory:

Hand Weapons
 a - a +1 long sword (weapon)
 k - a +3 dagger of holy wrath
Armour
 b - a +0 scale mail (worn)
 c - a +0 kite shield (worn)
Scrolls
 f - a scroll of fog {unknown}
 h - a scroll of enchant weapon
 m - a scroll of amnesia
Potions
 d - a potion of might
 j - a potion of degeneration {unknown}


   Skills:
 - Level 3.2 Fighting
 * Level 3.6 Long Blades
 - Level 3.2 Armour
 + Level 4.4 Shields


You had 3 spell levels left.
You didn't know any spells.
Your spell library was empty.

Dungeon Overview and Level Annotations

Branches:
Dungeon (2/15)

Altars:

Annotations:
D:2 Sigmund


Innate Abilities, Weirdness & Mutations

You cannot be hasted, slowed, berserked, paralysed or teleported.
You can dig through walls and to a lower floor.
You have a pair of large antennae on your head. (SInv)
Your four strong arms can wield two-handed weapons with a shield.


Message History

Sigmund is lightly wounded.
Sigmund hits you with a +3 scythe!
As you read the scroll labelled LARAUPERUN, it crumbles to dust.
It is a scroll of identify.
m - a scroll of amnesia Sigmund casts a spell at you.
The magic dart hits you.
As you read the scroll labelled BIMA ZEELAERA, it crumbles to dust.
You feel a strange sense of stasis.
It was a scroll of teleportation.
Sigmund barely misses you.
You riposte.
You slash Sigmund!
Sigmund is moderately wounded.
It was a potion of curing.
You feel better.
It was a potion of flight.
You feel very buoyant.
You fly up into the air.
You block Sigmund's attack.
You hit Sigmund.
Sigmund is moderately wounded.
Sigmund completely misses you.
You riposte.
You closely miss Sigmund.
Sigmund is moderately wounded.
You hit Sigmund.
Sigmund is heavily wounded.
Sigmund hits you with a +3 scythe.
You slash Sigmund!
Sigmund is severely wounded.
You block Sigmund's attack.
You hit Sigmund.
Sigmund is almost dead.
You block Sigmund's attack.
You barely miss Sigmund.
Sigmund is almost dead.
You block Sigmund's attack.
You hit Sigmund.
Sigmund is almost dead.
Sigmund gestures at you while chanting. The puff of flame hits you!
* * * LOW HITPOINT WARNING * * *
You closely miss Sigmund.
Sigmund is almost dead.
Sigmund hits you with a +3 scythe!
You die...

#.....######
#_..........
#.....######
#.....# ##....#
#....# ##...# ###
#...## ##@#
###...# #@##
#.#...## ##.##
#.#....#
###.#####......##
#.......'.......#
#.#######.......#
#...# ######....#
....@...........#
#.##.########....#


You could see Sigmund (invisible).

Vanquished Creatures
  Jessica (D:2)
  A worm (D:2)
  2 ball pythons (D:1)
  3 endoplasms
  A goblin (D:1)
  2 hobgoblins (D:1)
  7 jackals (D:1)
  3 quokkas
  2 bats (D:1)
  3 kobolds
25 creatures vanquished.

Notes
Turn   | Place    | Note
-------+----------+-------------------------------------------
     0 | D:1      | Kold the Formicid Fighter began the quest for the Orb.
     0 | D:1      | Reached XP level 1. HP: 18/18 MP: 1/1
   223 | D:1      | Reached XP level 2. HP: 24/24 MP: 2/2
   380 | D:1      | Reached skill level 4 in Shields
   482 | D:1      | Reached XP level 3. HP: 20/29 MP: 3/3
   818 | D:2      | Found a faded altar of an unknown god.
   939 | D:2      | Noticed Jessica
   945 | D:2      | Killed Jessica
   946 | D:2      | Reached XP level 4. HP: 22/35 MP: 4/4
  1490 | D:2      | Noticed Sigmund
  1511 | D:2      | Slain by Sigmund

Illustrated notes

Levels and vault maps discovered:
D:1:      evilmike_arrival_plus, layout_basic
D:2:      layout_basic, hellmonk_ecumenical_altar_zigzags, uniq_sigmund,
          uniq_jessica

Skill      XL: |  1  2  3 |
---------------+----------+-----
Shields        | 4 |  4.4
Long Blades    | 3 |  3.6
Fighting       | |  3.2
Armour         | |  3.2

Action                   |  1- 3 |  4- 6 || total
-------------------------+-------+-------++-------
Melee: Long sword        |    56 |    21 ||    77
 Abil: Dig               |       |     1 ||     1
  Use: Scroll            |       |     3 ||     3
       Potion            |       |     2 ||     2
Armor: Scale mail        |    23 |     5 ||    28
Dodge: Dodged            |    21 |     7 ||    28
Block: Kite shield       |    27 |     9 ||    36
       Rpst.: Long sword |     9 |     4 ||    13
